 Dungeon Crawl Stone Soup version 0.31.0-32-g396128a36d (webtiles) character file.

Game seed: 13872083432320708876

46 Gabide the Grave Robber (level 3, -7/27 HPs)
             Began as a Demigod Necromancer on Apr 18, 2024.
             Mangled by a gnoll
             ... wielding a +0 flail
              (12 damage)
             ... on level 1 of the Dungeon.
             The game lasted 00:03:19 (2030 turns).

Gabide the Grave Robber (Demigod Necromancer)       Turns: 2030, Time: 00:03:19

Health: -7/27      AC:  2    Str:  9    XL:     3   Next: 27%
Magic:  5/8        EV: 12    Int: 21    God:
Gold:   57         SH:  0    Dex: 14    Spells: 5/6 levels left

rFire   . . .        a - +0 dagger
rCold   . . .        (no shield)
rNeg    . . .        f - +0 robe
rPois   .            (no helmet)
rElec   .            (no cloak)
rCorr   .            (no gloves)
SInv    .            (no boots)
Will    .....        (no amulet)
Stlth   ++           (no ring)
HPRegen 0.24/turn    (no ring)
MPRegen 0.11/turn

%: no passive effects
@: no status effects
A: high MP 1, forlorn, divine attributes
a: no special abilities


You were on level 1 of the Dungeon.
You visited 1 branch of the dungeon, and saw 2 of its levels.

You collected 57 gold pieces.

Inventory:

Hand Weapons
 a - a +0 dagger (weapon)
Armour
 f - a +0 robe (worn)
Scrolls
 g - a scroll of blinking {unknown}
Potions
 b - a potion of magic
 d - 2 potions of heal wounds {unknown}
 e - a potion of might {unknown}
 h - a potion of lignification {unknown}
 A - a potion of resistance {unknown}


   Skills:
 + Level 0.8 Fighting
 + Level 2.2 Dodging
 + Level 2.2 Stealth
 * Level 2.1 Spellcasting
 * Level 3.9 Necromancy


You had 5 spell levels left.
You knew the following spells:

 Your Spells              Type           Power      Damage    Failure   Level
a - Necrotise             Necr           72%        1d7       2%          1

Your spell library contained the following spells:

 Spells                   Type           Power      Damage    Failure   Level
 Vampiric Draining        Necr           18%        2d7       9%          3
 Summon Small Mammal      Summ           8%         N/A       14%         1
 Animate Dead             Necr           18%        N/A       28%         4
 Call Canine Familiar     Summ           2%         N/A       41%         3
 Curse of Agony           Necr           18%        N/A       61%         5
 Summon Blazeheart Golem  Fire/Summ      2%         N/A       82%         4


Dungeon Overview and Level Annotations

Branches:
Dungeon (2/15)


Innate Abilities, Weirdness & Mutations

You have an increased reservoir of magic. (+10% MP)
You shall have no god before yourself.
Your divine heritage dramatically boosts your attributes as you level up.


Message History

Okay, then.
Aiming: Necrotise (safe; 3% risk of failure)
Press: ? - help, Q - select action Shift-Dir - straight line, f/p - endoplasm
Aim: an endoplasm (lightly wounded, chance to affect: 88%)
The endoplasm writhes in agony.
The endoplasm hits you but does no damage.
Unknown command.
Aiming: Necrotise (safe; 3% risk of failure)
Press: ? - help, Q - select action Shift-Dir - straight line, f/p - endoplasm
Aim: an endoplasm (almost dead, chance to affect: 88%)
The endoplasm writhes in agony.
You kill the endoplasm!
The gnoll misses you. The gnoll attacks as it pursues you!
The gnoll hits you with a +0 flail.
* * * LOW HITPOINT WARNING * * *
It was a potion of curing.
You feel better. The gnoll hits you with a +0 flail.
* * * LOW HITPOINT WARNING * * *
You feel better. The gnoll attacks as it pursues you!
The gnoll closely misses you.
There is a stone staircase leading up here.
The gnoll hits you with a +0 flail!
* * * LOW HITPOINT WARNING * * *
You climb upwards.
There is a stone staircase leading down here.
You feel better. The gnoll closely misses you.
You feel better. The gnoll hits you with a +0 flail!
* * * LOW HITPOINT WARNING * * *
You have nothing you can fire or use right now.
Aiming: Necrotise (safe; 2% risk of failure)
Press: ? - help, Q - select action Shift-Dir - straight line, f - gnoll
Aim: a gnoll, wielding a +0 flail (chance to affect: 83%)
The gnoll writhes in agony!
The gnoll closely misses you.
Unknown command.
Aiming: Necrotise (safe; 2% risk of failure)
Press: ? - help, Q - select action Shift-Dir - straight line, f/p - gnoll
Aim: a gnoll, wielding a +0 flail (heavily wounded, chance to affect: 83%)
The gnoll writhes in agony.
The gnoll hits you with a +0 flail!
You die...

###########################
#..........................
#.#########################
#.# #.# ######.# #......#
####### ### #.######
#@g...# #.. #.#
######+###.##########.. #.#
#...................'.. #.#
#.......###....######.. #.#
##.......# #....'.## #..
#^# #........# #....#..#
### #.#######....##'##
#....##'#####
#......##....##.#
#....#.......
#......''....##.#
#....#.......


You could see a gnoll.

Vanquished Creatures
  A gnoll (D:2)
  4 bats
  3 endoplasms
  4 goblins
  3 hobgoblins
  4 kobolds
  3 quokkas
  7 ball pythons
  A frilled lizard (D:1)
  3 rats
33 creatures vanquished.

Notes
Turn   | Place    | Note
-------+----------+-------------------------------------------
     0 | D:1      | Gabide the Demigod Necromancer began the quest for the Orb.
     0 | D:1      | Reached XP level 1. HP: 14/14 MP: 5/5
   599 | D:1      | Reached XP level 2. HP: 22/22 MP: 5/7
  1885 | D:2      | Reached XP level 3. HP: 27/27 MP: 6/8
  2030 | D:1      | Mangled by a gnoll

Illustrated notes

Levels and vault maps discovered:
D:1:      amcnicky_arrival_gap_in_the_tavern_cellar, layout_basic
D:2:      layout_basic, nicolae_kite_square_tiling_tiny, grunt_decor_junction

Skill      XL: |  1  2 |
---------------+-------+-----
Stealth        | 2 |  2.2
Dodging        | 2 |  2.2
Spellcasting   | 2 |  2.1
Fighting       | |  0.8
Necromancy     | |  3.9

Action                     || total
---------------------------++-------
  Melee: Dagger            ||     2
   Cast: Necrotise         ||    76
    Use: Potion            ||     4
 Armour: Robe              ||    23
  Dodge: Dodged            ||    21
